 Dungeon Crawl Stone Soup version 0.24.0-13-gcf9b3192b9 (webtiles) character file.

Game seed: 14367188539201078565, levelgen mode: deterministic

1739 Aviak the Ducker (level 9, -3/54 HPs)
             Began as a Tengu Transmuter on Nov 10, 2019.
             Was a Priest of Elyvilon.
             Shot with a sling bullet by Joseph (7 damage)
             ... on level 7 of the Dungeon.
             The game lasted 00:11:07 (6382 turns).

Aviak the Ducker (Tengu Transmuter)                 Turns: 6382, Time: 00:11:08

Health: -3/54      AC:  8    Str: 12    XL:     9   Next: 5%
Magic:  11/13      EV: 14    Int: 13    God:    Elyvilon [***...]
Gold:   214        SH:  8    Dex: 17    Spells: 9/12 levels left

rFire    + . .     SeeInvis .   m - +2 flail (venom)
rCold    + . .     Gourm    .   u - +0 shield
rNeg     . . .     Faith    .   q - +0 ring mail
rPois    .         Spirit   .   (helmet restricted)
rElec    .         Reflect  .   (no cloak)
rCorr    .         Harm     .   e - +1 pair of gloves
MR       .....                  (boots unavailable)
Stlth    +.........             (no amulet)
HPRegen  0.18/turn              F - ring of protection from fire
MPRegen  0.13/turn              C - ring of protection from cold

@: protection, flying quickly and evasively, quick
A: beak, talons 3, able to fly
a: Stop Flying, Lesser Healing, Heal Other, Purification, Divine Protection,
Renounce Religion


You were on level 7 of the Dungeon.
You worshipped Elyvilon.
Elyvilon was most pleased with you.
You were not hungry.

You visited 1 branch of the dungeon, and saw 7 of its levels.

You collected 214 gold pieces.

Inventory:

Hand Weapons
 f - a +0 whip
 k - a +3 dagger of venom
 m - a +2 flail of venom (weapon)
Missiles
 a - 72 arrows
Armour
 b - a +0 robe
 e - a +1 pair of gloves (worn)
 l - a +0 cloak
 q - a +0 ring mail (worn)
 u - a +0 shield (worn)
Jewellery
 o - a +4 ring of intelligence
 B - an uncursed amulet of the gourmand
 C - a ring of protection from cold (right hand)
 F - a ring of protection from fire (left hand)
Wands
 c - a wand of flame (15)
 A - a wand of enslavement (8)
 E - a wand of scattershot (4)
Scrolls
 g - 2 scrolls of enchant weapon
 j - a scroll of amnesia
 n - 2 scrolls of blinking {unknown}
 r - 3 scrolls of remove curse
 s - 3 scrolls of enchant armour
 t - a scroll of teleportation
 v - a scroll of noise {unknown}
 x - a scroll of immolation {unknown}
 y - a scroll of fog {unknown}
Potions
 h - a potion of heal wounds
 p - 3 potions of brilliance
 w - a potion of might
 z - a potion of magic
 D - a potion of mutation {unknown}
Comestibles
 d - 11 rations
 i - 3 chunks of flesh


   Skills:
 + Level 5.1 Fighting
 - Level 0.5 Short Blades
 + Level 5.3 Maces & Flails
 - Level 5.1 Armour
 + Level 6.0 Dodging
 + Level 2.8 Shields
 - Level 3.2 Unarmed Combat
 - Level 2.0 Spellcasting
 - Level 1.6 Transmutations
 - Level 3.0 Invocations


You had 9 spell levels left.
You knew the following spells:

 Your Spells              Type           Power        Failure   Level  Hunger
a - Beastly Appendage     Tmut           #.....       80%         1    ##.....
b - Sticks to Snakes      Tmut           #.......     90%         2    ###....

Your spell library contained the following spells:

 Spells                   Type           Power        Failure   Level  Hunger
 Confusing Touch          Hex            #.....       95%         1    ##.....
 Spider Form              Tmut/Pois      #.........   99%         3    ####...
 Confuse                  Hex            #.......     100%        3    ####...
 Gell's Gravitas          Tloc           #.........   100%        3    ####...
 Ice Form                 Ice/Tmut       #.......     100%        4    #####..
 Petrify                  Tmut/Erth      #.......     100%        4    #####..
 Blade Hands              Tmut           #.........   100%        5    ######.
 Metabolic Englaciation   Hex/Ice        #.........   100%        5    ######.
 Yara's Violent Unravell  Hex/Tmut       #.........   100%        5    ######.


Dungeon Overview and Level Annotations

Branches:
Dungeon (7/15)             Temple (0/1) D:5

Altars:
Elyvilon

Annotations:
D:7 Dowan, Duvessa, Joseph


Innate Abilities, Weirdness & Mutations

You have a beak for a mouth.
You have claws for feet.
You can fly continuously.


Message History

[Y]es or [N]o only, please.
Really attack the Joseph while asking for your life to be spared?
This attack would place you under penance! [Y]es or [N]o only, please.
Really attack the Joseph while asking for your life to be spared?
This attack would place you under penance!
Okay, then.
Joseph zaps a wand.
The mass of ice explodes!
The iceblast engulfs you! You partially resist.
* * * LOW HITPOINT WARNING * * *
You hear a shout! x4
Unknown command.
The orc shouts!
The orc wizard casts a spell.
The orc wizard blinks!
The orc closely misses you.
The orc wizard casts a spell.
The orc wizard blinks!
Dowan shouts!
Joseph unwields a +0 quarterstaff.
Joseph wields a +0 hunting sling.
Joseph shoots a sling bullet.
The sling bullet hits you!
You die...

#...#..##..>..#
#####..###........##
#$.#.......##......#
.....#.............#
.....#..##.........#
...........##....#
...#.....o.#.....##
........##...###..##
........@###o###@..#
..........@.e..†...# .
................##†...#
..........##..(e........
..#.....#.......##......
.)#.....#.....o## .....
.............<. .##..
......###....... ##
##......


You could see Joseph, Duvessa, Dowan and an orc.

Vanquished Creatures
  A black bear (D:6)
  3 ogres
  2 phantoms (D:4)
  2 bullfrogs
  2 howler monkeys
  5 crimson imps
  A centaur zombie (D:5)
  A jelly (D:5)
  3 orc priests
  2 hounds
  4 orc wizards
  5 worker ants
  Terence (D:2)
  3 hound skeletons
  A worker ant zombie (D:5)
  6 gnolls
  9 adders
  An ooze (D:2)
  An adder skeleton (D:5)
  7 worms
  2 dart slugs
  3 leopard geckos
  18 orcs
  5 bats
  2 giant cockroaches
  10 goblins
  5 hobgoblins
  8 jackals
  3 quokkas
  2 ball pythons
  5 frilled lizards
  3 kobolds
  A quokka skeleton (D:4)
  A quokka zombie (D:5)
  6 rats
134 creatures vanquished.

Vanquished Creatures (others)
  A howler monkey (D:7)
  A gnoll (D:6)
  A dart slug (D:1)
  A hobgoblin (D:1)
  A bat (D:1)
5 creatures vanquished.

Grand Total: 139 creatures vanquished

Notes
Turn   | Place    | Note
-------+----------+-------------------------------------------
     0 | D:1      | Aviak the Tengu Transmuter began the quest for the Orb.
     0 | D:1      | Reached XP level 1. HP: 12/12 MP: 4/4
   289 | D:1      | Reached XP level 2. HP: 16/16 MP: 6/6
   334 | D:1      | Reached skill level 1 in Maces & Flails
   345 | D:1      | Learned a level 2 spell: Sticks to Snakes
   898 | D:2      | Reached XP level 3. HP: 17/21 MP: 7/7
   952 | D:2      | Reached skill level 3 in Dodging
  1169 | D:2      | Found a faded altar of an unknown god.
  1211 | D:2      | Became a worshipper of Elyvilon the Healer
  1211 | D:2      | Reached * piety under Elyvilon
  1290 | D:2      | Reached skill level 1 in Armour
  1295 | D:2      | Reached XP level 4. HP: 8/26 MP: 8/8
  1570 | D:2      | HP: 1/26 [gnoll/stone (6)]
  1854 | D:2      | Noticed Terence
  1863 | D:2      | Killed Terence
  1863 | D:2      | Gained mutation: You can fly continuously. [Tengu growth]
  1863 | D:2      | Reached XP level 5. HP: 21/31 MP: 9/9
  1976 | D:2      | Noticed an ogre
  1990 | D:2      | Killed an ogre
  1990 | D:2      | Reached skill level 1 in Invocations
  2313 | D:3      | Reached XP level 6. HP: 32/36 MP: 10/10
  2724 | D:3      | Reached ** piety under Elyvilon
  2779 | D:3      | Reached skill level 4 in Dodging
  3179 | D:4      | Noticed a phantom
  3295 | D:4      | Noticed a phantom
  3339 | D:4      | Killed a phantom
  3339 | D:4      | Reached XP level 7. HP: 22/41 MP: 11/11
  3882 | D:4      | Reached XP level 8. HP: 19/48 MP: 12/12
  4383 | D:5      | Entered Level 5 of the Dungeon
  4387 | D:5      | Found a staircase to the Ecumenical Temple.
  4399 | D:5      | Reached skill level 5 in Dodging
  5032 | D:5      | Reached skill level 1 in Shields
  5134 | D:5      | Reached *** piety under Elyvilon
  5710 | D:6      | Reached skill level 5 in Maces & Flails
  5783 | D:6      | Reached skill level 5 in Armour
  5988 | D:6      | Reached **** piety under Elyvilon
  6166 | D:7      | Noticed Joseph
  6173 | D:7      | Noticed Dowan
  6174 | D:7      | Noticed Duvessa
  6195 | D:7      | Reached skill level 5 in Fighting
  6195 | D:7      | Reached XP level 9. HP: 29/54 MP: 13/13
  6349 | D:7      | Reached skill level 6 in Dodging
  6373 | D:7      | HP: 2/54 [Joseph/iceblast (10)]
  6382 | D:7      | Shot with a sling bullet by Joseph

Levels and vault maps discovered:
D:1:      wander_arrival_fairy_ring, layout_basic, lemuel_flame_loot_1
D:2:      layout_loops_cross, chequers_ecumenical_altar_simple,
          chequers_serial_rivers_micro_c, uniq_terence
D:3:      cheibrodos_old_hovel, layout_loops_ring, first_ration,
          minmay_misc_feat_four_crosses, hangedman_abyss_or_decor_lesser_grid
D:4:      layout_basic
D:5:      layout_layer_cave, minmay_temple_entry_arrows
D:6:      layout_cave_pools, minmay_misc_feat_cross
D:7:      layout_cave_pools, lightli_corner_chamber, uniq_duvessa, uniq_joseph

Skill      XL: |  1  2  3  4  5  6  7  8  9 |
---------------+----------------------------+-----
Maces & Flails | 1 2 3 4 5 |  5.3
Fighting       | 2 3 4 5 |  5.1
Dodging        | 3 4 5 6 |  6.0
Armour         | 1 2 3 5 |  5.1
Invocations    | 1 2 3 |  3.0
Shields        | 2 |  2.8
Short Blades   | |  0.5
Unarmed Combat | |  3.2
Spellcasting   | |  2.0
Transmutations | |  1.6

Action                   |  1- 3 |  4- 6 |  7- 9 || total
-------------------------+-------+-------+-------++-------
Melee: Whip              |    74 |       |       ||    74
       Kick              |    23 |    29 |    52 ||   104
       Peck              |    10 |    18 |    44 ||    72
       Dagger            |    11 |     6 |       ||    17
       Punch             |     4 |       |     1 ||     5
       Headbutt          |     3 |       |       ||     3
       Flail             |       |   121 |   213 ||   334
 Cast: Beastly Appendage |     5 |       |       ||     5
Invok: Lesser Healing    |       |     7 |     4 ||    11
       Heal Other        |       |       |     2 ||     2
       Divine Protection |       |       |     1 ||     1
       Greater Healing   |       |       |     1 ||     1
 Abil: Fly               |       |     1 |       ||     1
  Use: Scroll            |       |     5 |     5 ||    10
       Potion            |       |     3 |     2 ||     5
  Eat: Chunk             |     1 |     8 |     5 ||    14
       Ration            |       |       |     2 ||     2
Armor: Robe              |     6 |       |       ||     6
       Ring mail         |    14 |    27 |    69 ||   110
       Skin              |       |    10 |     5 ||    15
Dodge: Dodged            |    50 |    74 |   139 ||   263
Block: Shield            |       |       |    65 ||    65
